 Dungeon Crawl Stone Soup version 0.17.1-3-g152610e (webtiles) character file.

124840 moxian the Earth Mage (level 16, -9/92 HPs)
             Began as a Deep Elf Earth Elementalist on Apr 23, 2016.
             Was a High Priest of Vehumet.
             Mangled by the Enchantress
             ... wielding a +4 rapier of venom
              (16 damage)
             ... on level 15 of the Dungeon on Apr 24, 2016.
             The game lasted 05:25:10 (46468 turns).

moxian the Earth Mage (DEEE)                       Turns: 46468, Time: 05:25:10

Health: -9/92      AC: 19    Str:  5    XL:     16   Next: 40%
Magic:  0/36       EV: 25    Int: 31    God:    Vehumet [*****.]
Gold:   2080       SH:  0    Dex: 18    Spells: 9 memorised, 3 levels left

rFire  . . .     SeeInvis +     a - staff of energy
rCold  . . .     Clarity  +     t - +2 robe {MR+}
rNeg   + . .     SustAt   .     (no shield)
rPois  +         Gourm    .     J - +2 hat
rElec  .         Spirit   .     z - +1 cloak "Beadgh" {MR+ Int+3 SInv}
rCorr  .         Warding  .     W - +2 pair of fencer's gloves {LBl+4 SBl+4 EV+3 Dex+6}
rMut   .         Stasis   .     c - +2 pair of boots
MR     ++++.                    X - amulet of clarity
Stlth  +++.......               r - ring of Pyromania {rPois Dex-3}
                                x - ring of Uwethahi {rN+ MR+}

@: about to teleport, stone skin, liquefying, slowed movement, very slow,
incredibly resistant to hostile enchantments, fairly stealthy
A: no striking features
a: Renounce Religion


You were on level 15 of the Dungeon.
You worshipped Vehumet.
Vehumet was extremely pleased with you.
You were not hungry.

You visited 5 branches of the dungeon, and saw 29 of its levels.
You also visited: Ossuary, Ice Cave and Volcano.

You collected 2730 gold pieces.
You spent 650 gold pieces at shops.

Inventory:

Hand Weapons
 b - a +0 lajatang of speed
 e - a +0 blowgun
Missiles
 i - 3 steel javelins
 u - 110 poisoned needles
 B - 3 javelins
 P - 441 stones (quivered)
 S - 6 poisoned javelins
 Z - 5 needles of sleeping
Armour
 c - a +2 pair of boots (worn)
 t - a +2 robe of magic resistance (worn)
 z - the +1 cloak "Beadgh" (worn) {MR+ Int+3 SInv}
   (You found it on level 4 of the Lair of Beasts)

   It affects your intelligence (+3).
   It affects your resistance to hostile enchantments.
   It lets you see invisible.
 J - a +2 hat (worn)
 W - the +2 pair of fencer's gloves (worn) {LBl+4 SBl+4 EV+3 Dex+6}
   (You found it on level 15 of the Dungeon)

   It affects your evasion (+3).
   It affects your dexterity (+6).
Magical Staves
 a - an uncursed staff of energy (weapon)
Jewellery
 f - an uncursed ring of flight
 k - an uncursed amulet of resist mutation
 r - the ring of Pyromania (right hand) {rPois Dex-3}
   (You took it off a centaur on level 12 of the Dungeon)

   [ring of dexterity]

   It affects your dexterity (-3).
   It protects you from poison.
 x - the ring of Uwethahi (left hand) {rN+ MR+}
   (You found it in an ice cave)

   [ring of positive energy]

   It protects you from negative energy.
   It affects your resistance to hostile enchantments.
 E - an uncursed ring of fire
 G - an uncursed ring of invisibility
 X - an amulet of clarity (around neck)
Wands
 h - a wand of paralysis (14)
 F - a wand of polymorph (13)
 M - a wand of draining (4)
 N - a wand of slowing (28)
 Q - a wand of lightning (8)
 T - a wand of cold (9)
Scrolls
 l - 6 scrolls of identify
 C - 5 scrolls of teleportation
 K - a scroll of recharging
 L - 2 scrolls of fog
 O - 3 scrolls of amnesia
 U - 4 scrolls of remove curse
 V - a scroll of vulnerability
 Y - 4 scrolls of enchant armour
Potions
 g - 4 potions of curing
 j - a potion of resistance
 m - 2 potions of cancellation
 o - a potion of heal wounds
 p - 7 potions of brilliance
 q - 4 potions of flight
 w - a potion of lignification
 A - 4 potions of haste
 D - a potion of invisibility
 R - 5 potions of agility
Miscellaneous
 s - a lamp of fire
Comestibles
 d - 17 bread rations
 n - 9 meat rations
 v - 7 chunks of flesh
 H - 19 fruits
 I - a royal jelly


   Skills:
 + Level 7.7 Fighting
 - Level 8.0 Staves
 + Level 12.7 Dodging
 - Level 6.3 Stealth
 + Level 14.8 Spellcasting
 + Level 11.0 Conjurations
 - Level 7.0 Hexes
 - Level 6.0 Translocations
 - Level 6.0 Transmutations
 + Level 6.4 Fire Magic
   Level 2.0 Air Magic
 * Level 16.5 Earth Magic
 + Level 6.8 Evocations


You had 3 spell levels left.
You knew the following spells:

 Your Spells              Type           Power        Failure   Level  Hunger
a - Orb of Destruction    Conj           ######....   5%          7    None
b - Iron Shot             Conj/Erth      #######...   1%          6    None
c - Petrify               Trmt/Erth      #######.     1%          4    None
d - Lee's Rapid Deconstr  Erth           #######...   1%          5    None
e - Iskenderun's Mystic   Conj           ######..     1%          4    None
g - Force Lance           Conj/Tloc      ######..     1%          4    None
i - Bolt of Magma         Conj/Fire/Erth #######...   1%          5    None
C - Stoneskin             Trmt/Erth      #######.     1%          2    None
F - Leda's Liquefaction   Hex/Erth       #######...   1%          4    None


Dungeon Overview and Level Annotations

Branches:
Dungeon (15/15)            Temple (1/1) D:5            Lair (8/8) D:10
 Shoals (0/4) Lair:3        Snake (0/4) Lair:4        Slime (0/6) Lair:6
    Orc (4/4) D:12            Elf (0/3) Orc:3        Vaults (0/5) D:13
 Depths (1/5) D:15

Altars:
Ashenzari
Cheibriados
Dithmenos
Elyvilon
Fedhas
Gozag
Kikubaaqudgha
Makhleb
Nemelex Xobeh
Okawaru
Qazlal
Ru
Sif Muna
Trog
Vehumet
Xom
Yredelemnul
Zin
The Shining One
Beogh
Jiyva

Shops:
D:9 ?   D:15 ?   Orc:1 :   Orc:2 [   Orc:3 *   Orc:4 (*[%

Portals:
Pandemonium: Depths:1

Annotations:
D:3 Keyn's ghost, amateur DsAK
D:6 exclusion: statue
D:15 the Enchantress
Lair:3 exclusion: 2 doors


Message History

Okay, then.
Casting: Orb of Destruction
Confirm with . or Enter, or press ? or * to list all spells.
Okay, then.
Casting: Orb of Destruction
Confirm with . or Enter, or press ? or * to list all spells.
Aiming: Iskenderun's Mystic Blast
Press: ? - help, Shift-Dir - straight line, f - spriggan
Aim: a spriggan, wielding an enchanted dagger and wearing a robe (covering ground slowly)
Okay, then.
Casting: Iskenderun's Mystic Blast
Confirm with . or Enter, or press ? or * to list all spells.
Aiming: Orb of Destruction
Press: ? - help, Shift-Dir - straight line,
f - the Enchantress
Aim: the Enchantress, wielding a rapier of venom, wearing a faerie dragon armour and wearing a buckler of reflection (heavily wounded, fast, deflecting missiles, covering ground slowly)
The Enchantress reflects your orb of destruction with its buckler of reflection!
The wavering orb of destruction hits you!
* * * LOW HITPOINT WARNING * * *
The Enchantress hits you with a rapier of venom!
You die...

..............####'######.....#
..............................#
#####...................)######
# #........#######.....# #
#.......##.....##....# #
#......##.......##...#
#####......#..##'##..#...#
...........#..#.i.#..#...#
...........#..#i@.#..#...#
...........#..#i..#..#...####
....#####..#[).####..#......#
....# #..##.[....[##......#
....# #...##.....##.......#
....# #....###'###........#
....# #...................#
....# #...#######.........#
....# #...#.....#.........#


You could see the Enchantress, a spriggan defender and a spriggan.

Vanquished Creatures
  Kirke (D:14)
  Roxanne (D:14)
  Maud (D:11)
  2 ettins
  A vault guard (D:13)
  Erolcha (D:12)
  10 hydras
  2 fire dragons (Depths:1)
  Josephine (D:11)
  A catoblepas (D:14)
  2 great orbs of eyes
  2 ice dragons (IceCv)
  8 centaur warriors
  An anaconda (Lair:8)
  A spriggan air mage (D:15)
  4 tengu warriors
  13 death yaks
  2 deep troll shamans (Depths:1)
  2 deep troll earth magi
  Urug (D:12)
  2 ice devils (Depths:1)
  3 orc high priests (Orc:4)
  3 unseen horrors
  2 deep elf knights (D:15)
  5 hill giants
  7 orc knights
  A necromancer (D:15)
  Pikel (D:7)
  A shadow demon (Depths:1)
  A deep elf conjurer (D:15)
  2 ugly things
  2 deep trolls (D:15)
  A wolf spider zombie (D:13)
  4 orc sorcerers
  2 cyclopes
  2 griffons
  A siren (Lair:3)
  4 manticores
  13 elephants
  2 naga magi (D:15)
  7 black mambas
  A rust devil (Depths:1)
  9 spiny frogs
  A torpor snail (Lair:3)
  2 ice statues (IceCv)
  3 gargoyles
  3 yaktaurs
  11 komodo dragons
  An efreet (D:14)
  2 tengu conjurers
  2 fire drakes
  2 red devils (Depths:1)
  10 trolls
  4 two-headed ogres
  2 merfolk (Lair:3)
  A centaur simulacrum (D:15)
  A harpy skeleton (D:15)
  A boulder beetle (Lair:8)
  15 blink frogs
  A trapdoor spider (D:12)
  A snapping turtle (shapeshifter) (D:15)
  8 slime creatures
  3 wraiths (D:11)
  8 hippogriffs
  A deep elf mage (D:14)
  3 shadows
  2 spriggans
  Eustachio (D:6)
  5 hogs (D:14)
  2 basilisks
  Grum (Lair:1)
  2 wyverns
  2 deep elf fighters (D:15)
  A hungry ghost (D:12)
  7 wolves
  59 yaks
  8 porcupines
  A soldier ant (D:12)
  32 water moccasins
  A mottled dragon (D:10)
  A hornet simulacrum (D:15)
  5 wargs
  27 ice beasts
  4 sky beasts
  A wasp (D:12)
  24 orc warriors
  2 black bears
  4 slaves
  12 ogres
  The ghost of Charly the Insei, an amateur DsTm (Ossuary)
  28 centaurs
  19 crocodiles
  4 big kobolds
  A brain worm (D:12)
  5 elf zombies (Ossuary)
  28 giant frogs
  A wyvern zombie (D:13)
  A water moccasin skeleton (D:8)
  3 scorpions
  21 killer bees
  4 electric eels
  9 wights
  7 crimson imps
  2 giant frog zombies
  3 quasits
  6 centaur zombies
  5 giant frog skeletons
  5 jellies
  8 centaur skeletons
  23 orc priests
  7 hounds
  34 orc wizards
  3 human zombies (Ossuary)
  15 iguanas
  Terence (D:3)
  13 worker ants
  2 iron imps (Depths:1)
  7 sheep
  2 hound zombies
  2 hound skeletons
  4 mummies
  A worker ant zombie (D:8)
  6 gnolls
  13 adders
  A white imp (Depths:1)
  72 river rats
  6 shadow imps
  6 worms
  9 giant geckos
  176 orcs
  3 ball pythons
  6 giant cockroaches
  11 hobgoblins
  10 jackals
  29 kobolds
  4 quokkas
  7 bats
  A giant gecko skeleton (D:7)
  3 giant newts
  8 goblins
  A goblin skeleton (D:8)
  2 goblin zombies (D:8)
  2 hobgoblin zombies (D:8)
  2 kobold skeletons (D:8)
  2 kobold zombies (D:8)
  An orc zombie (D:8)
  13 rats
  4 plants
1096 creatures vanquished.

Vanquished Creatures (others)
  49 fungi
  40 plants
89 creatures vanquished.

Grand Total: 1185 creatures vanquished

Notes
Turn   | Place    | Note
--------------------------------------------------------------
     0 | D:1      | moxian the Deep Elf Earth Elementalist began the quest for the Orb.
     0 | D:1      | Reached XP level 1. HP: 10/10 MP: 6/6
   218 | D:1      | Reached XP level 2. HP: 15/15 MP: 5/8
   814 | D:2      | Reached skill level 4 in Earth Magic
   814 | D:2      | Reached XP level 3. HP: 19/19 MP: 6/9
  1106 | D:2      | Learned a level 3 spell: Stone Arrow
  1109 | D:2      | Learned a level 2 spell: Stoneskin
  1230 | D:2      | Found a basalt altar of Yredelemnul.
  1414 | D:2      | Reached XP level 4. HP: 24/24 MP: 6/11
  1461 | D:2      | Found a deep blue altar of Sif Muna.
  1685 | D:3      | Noticed Keyn's ghost (amateur DsAK)
  2029 | D:3      | Noticed Terence
  2505 | D:3      | Reached skill level 1 in Conjurations
  2505 | D:3      | Reached XP level 5. HP: 28/28 MP: 6/13
  3149 | D:4      | Found a burning altar of Makhleb.
  3149 | D:4      | Noticed a green death
  3154 | D:4      | Noticed an orange demon
  3154 | D:4      | Noticed a neqoxec
  3330 | D:4      | Reached XP level 6. HP: 32/32 MP: 7/14
  3589 | D:3      | Killed Terence
  3589 | D:3      | Reached skill level 5 in Earth Magic
  4119 | D:4      | Noticed an ogre
  4150 | D:4      | Killed an ogre
  4152 | D:4      | Found a glowing silver altar of Zin.
  4267 | D:4      | Reached XP level 7. HP: 36/36 MP: 8/15
  4410 | D:5      | Entered Level 5 of the Dungeon
  4410 | D:5      | Found a staircase to the Ecumenical Temple.
  4525 | Temple   | Entered the Ecumenical Temple
  5140 | D:5      | Reached skill level 6 in Earth Magic
  5537 | D:5      | Reached skill level 5 in Dodging
  5699 | D:5      | Reached XP level 8. HP: 39/41 MP: 13/17
  5724 | D:6      | Noticed Eustachio
  5783 | D:6      | Killed Eustachio
  5783 | D:6      | Reached skill level 5 in Stealth
  5783 | D:6      | Reached skill level 5 in Spellcasting
  6145 | D:6      | Found an iron altar of Okawaru.
  6414 | D:6      | Found a radiant altar of Vehumet.
  6420 | D:6      | Became a worshipper of Vehumet
  6436 | D:6      | Learned a level 4 spell: Petrify
  6442 | D:6      | Learned a level 5 spell: Lee's Rapid Deconstruction
  6950 | D:7      | Reached skill level 7 in Earth Magic
  7054 | D:7      | Reached skill level 5 in Conjurations
  7447 | D:7      | Noticed Pikel
  7796 | D:7      | Reached * piety under Vehumet
  7796 | D:7      | Offered knowledge of Freeze by Vehumet.
  7796 | D:7      | Reached XP level 9. HP: 45/45 MP: 10/20
  7884 | D:7      | Reached skill level 5 in Transmutations
  8289 | D:7      | Reached skill level 8 in Earth Magic
  8407 | D:7      | Found a sacrificial altar of Ru.
  8722 | D:7      | Killed Pikel
  8992 | D:7      | Found a sparkling altar of Nemelex Xobeh.
  8993 | D:7      | Found an opulent altar of Gozag.
  9053 | D:7      | Found a shattered altar of Ashenzari.
  9357 | D:8      | Found a glowing golden altar of the Shining One.
  9365 | D:8      | Reached skill level 9 in Earth Magic
  9580 | D:8      | Found a sand-covered staircase.
  9589 | Ossuary  | Entered an ossuary
  9589 | Ossuary  | Noticed Charly's ghost (amateur DsTm)
  9608 | Ossuary  | Killed Charly's ghost
 10374 | Ossuary  | Offered knowledge of Throw Frost by Vehumet.
 10374 | Ossuary  | Reached XP level 10. HP: 38/50 MP: 8/23
 10523 | D:8      | Reached ** piety under Vehumet
 11112 | D:8      | Offered knowledge of Searing Ray by Vehumet.
 11119 | D:8      | Reached skill level 10 in Earth Magic
 11346 | D:8      | Noticed a moth of wrath
 11349 | D:8      | Found a bloodstained altar of Trog.
 11370 | D:8      | Reached *** piety under Vehumet
 12021 | D:8      | Noticed a hill giant
 12246 | D:8      | Reached skill level 1 in Staves
 12471 | D:9      | Found a radiant altar of Vehumet.
 12513 | D:9      | Found a blossoming altar of Fedhas.
 12515 | D:9      | Found an ancient bone altar of Kikubaaqudgha.
 12551 | D:9      | Offered knowledge of Iskenderun's Mystic Blast by Vehumet.
 12557 | D:9      | Learned a level 4 spell: Iskenderun's Mystic Blast
 13085 | D:9      | Found a snail-covered altar of Cheibriados.
 13178 | D:9      | Found Agoyrutenni's Magic Scroll Shoppe.
 13186 | D:9      | Bought a scroll of teleportation for 42 gold pieces
 13186 | D:9      | Bought a scroll of identify for 28 gold pieces
 13468 | D:10     | Entered Level 10 of the Dungeon
 13739 | D:10     | Learned a level 4 spell: Leda's Liquefaction
 13746 | D:10     | Found a staircase to the Lair.
 14133 | Lair:1   | Entered Level 1 of the Lair of Beasts
 14240 | D:10     | Reached skill level 11 in Earth Magic
 14583 | D:10     | Reached skill level 1 in Fighting
 14696 | D:10     | Reached XP level 11. HP: 56/56 MP: 21/26
 15309 | D:10     | Killed an unseen horror
 15428 | Lair:1   | Noticed Grum
 15429 | Lair:1   | Killed Grum
 15429 | Lair:1   | Reached skill level 1 in Hexes
 15550 | Lair:1   | Reached **** piety under Vehumet
 15554 | Lair:1   | Reached skill level 1 in Evocations
 15968 | Lair:1   | Offered knowledge of Force Lance by Vehumet.
 15998 | Lair:1   | Learned a level 4 spell: Force Lance
 17439 | Lair:2   | Reached skill level 10 in Spellcasting
 17496 | Lair:2   | Reached skill level 12 in Earth Magic
 17523 | Lair:2   | Noticed a four-headed hydra
 17574 | Lair:2   | Killed a four-headed hydra
 17777 | Lair:2   | Noticed an eight-headed hydra
 17843 | Lair:2   | Killed an eight-headed hydra
 17843 | Lair:2   | Reached skill level 10 in Dodging
 17874 | Lair:2   | Found a glowing golden altar of the Shining One.
 17915 | Lair:2   | Noticed a six-headed hydra
 17991 | Lair:2   | Killed a six-headed hydra
 17991 | Lair:2   | Reached XP level 12. HP: 64/64 MP: 7/28
 18200 | Lair:2   | Noticed a seven-headed hydra
 18205 | Lair:2   | Killed a seven-headed hydra
 19049 | Lair:3   | Found a staircase to the Shoals.
 19778 | Lair:3   | Reached skill level 5 in Staves
 19778 | Lair:3   | Reached skill level 5 in Hexes
 19996 | Lair:3   | Reached ***** piety under Vehumet
 20141 | Lair:3   | Offered knowledge of Lightning Bolt by Vehumet.
 20703 | Lair:3   | Reached skill level 13 in Earth Magic
 21210 | Lair:4   | Got a fine cloak
 21221 | Lair:4   | Identified the +1 cloak "Beadgh" {MR+ Int+3 SInv} (You found it on level 4 of the Lair of Beasts)
 21569 | Lair:4   | Found a staircase to the Snake Pit.
 22363 | Lair:5   | Reached skill level 5 in Evocations
 22671 | Lair:4   | Reached XP level 13. HP: 72/72 MP: 0/30
 23635 | Lair:6   | Found a viscous altar of Jiyva.
 23635 | Lair:6   | Found a staircase to the Slime Pits.
 23664 | Lair:6   | Found a dark tunnel.
 23684 | Volcano  | Entered a volcano
 23736 | Volcano  | Reached skill level 1 in Translocations
 24851 | Lair:6   | Reached skill level 5 in Fighting
 25401 | Lair:5   | Learned a level 5 spell: Lightning Bolt
 25705 | Lair:7   | Offered knowledge of Poison Arrow by Vehumet.
 26045 | Lair:7   | Reached skill level 1 in Air Magic
 26717 | Lair:8   | Entered Level 8 of the Lair of Beasts
 27676 | Lair:7   | Reached skill level 14 in Earth Magic
 28768 | Lair:8   | Reached XP level 14. HP: 59/78 MP: 1/32
 30911 | Lair:8   | Offered knowledge of Bolt of Magma by Vehumet.
 31019 | Lair:8   | Learned a level 5 spell: Bolt of Magma
 31774 | Lair:4   | Reached skill level 1 in Fire Magic
 32389 | D:11     | Noticed Josephine
 32459 | D:11     | Killed Josephine
 32629 | D:11     | Noticed Maud
 32873 | D:12     | Noticed Urug
 33135 | D:12     | Killed Urug
 33215 | D:12     | Noticed Erolcha
 33222 | D:12     | Killed Erolcha
 33364 | D:11     | Killed Maud
 33364 | D:11     | Reached skill level 5 in Translocations
 33584 | D:12     | Found a staircase to the Orcish Mines.
 33610 | D:12     | Got a flickering glass ring
 33612 | D:12     | Identified the cursed ring of Pyromania {rPois Dex-3} (You took it off a centaur on level 12 of the Dungeon)
 34114 | D:12     | Reached skill level 15 in Earth Magic
 34608 | Orc:1    | Entered Level 1 of the Orcish Mines
 34990 | Orc:1    | Offered knowledge of Orb of Destruction by Vehumet.
 35044 | Orc:1    | Found Cekef's Book Shoppe.
 35066 | Orc:1    | Learned a level 7 spell: Orb of Destruction
 35119 | Orc:2    | Found a roughly hewn altar of Beogh.
 35119 | Orc:2    | Found Regg's Antique Armour Shoppe.
 35148 | Orc:2    | Bought an ancient cloak for 304 gold pieces
 35163 | Orc:1    | Identified the +0 cloak of Etzat {MP+9 Int-2 Dex+4} (You bought it in a shop on level 2 of the Orcish Mines)
 35323 | Orc:3    | Found Loar Deu's Assorted Antiques.
 36048 | Orc:3    | Offered knowledge of Ozocubu's Refrigeration by Vehumet.
 36148 | Orc:3    | Found a staircase to the Elven Halls.
 36470 | Orc:4    | Entered Level 4 of the Orcish Mines
 36517 | Orc:3    | Reached ****** piety under Vehumet
 36749 | Orc:4    | Reached XP level 15. HP: 75/84 MP: 21/33
 36818 | Orc:4    | Offered knowledge of Iron Shot by Vehumet.
 37781 | Orc:4    | Found Todit Rye's Assorted Antiques.
 37781 | Orc:4    | Found Cunk's Antique Weapon Emporium.
 37783 | Orc:4    | Found Jithrown's Food Shop.
 37783 | Orc:4    | Found Xies's Antique Armour Emporium.
 37789 | Orc:4    | Bought a crooked gold wand for 92 gold pieces
 37789 | Orc:4    | Bought a scroll of teleportation for 69 gold pieces
 37789 | Orc:4    | Bought a scroll of identify for 46 gold pieces
 37789 | Orc:4    | Bought a scroll of teleportation for 69 gold pieces
 39956 | D:13     | Found a shimmering altar of Xom.
 39956 | D:13     | Found a shimmering altar of Xom.
 39958 | D:13     | Found a shimmering altar of Xom.
 39960 | D:13     | Found a shimmering altar of Xom.
 39962 | D:13     | Found a shimmering altar of Xom.
 39975 | D:13     | Found a shimmering altar of Xom.
 40133 | D:13     | Found a gate to the Vaults.
 41224 | D:14     | Reached skill level 10 in Conjurations
 41600 | D:14     | Noticed Roxanne
 41604 | D:14     | Killed Roxanne
 41622 | D:14     | Identified Roxanne's Papyrus of Unstable Clay (You took it off Roxanne on level 14 of the Dungeon)
 41888 | D:14     | Noticed Kirke
 42135 | D:14     | Killed Kirke
 42135 | D:14     | Reached skill level 5 in Fire Magic
 42472 | D:15     | Entered Level 15 of the Dungeon
 42472 | D:15     | Found a frozen archway.
 42537 | IceCv    | Entered an ice cave
 43181 | IceCv    | Got a clouded jade ring
 43366 | D:15     | Identified the ring of Uwethahi {rN+ MR+} (You found it in an ice cave)
 43445 | D:15     | Reached skill level 16 in Earth Magic
 43470 | D:15     | Learned a level 6 spell: Iron Shot
 43945 | D:15     | Offered knowledge of Poisonous Cloud by Vehumet.
 44011 | D:15     | Reached XP level 16. HP: 50/92 MP: 11/36
 44285 | D:15     | Found Luvas's Magic Scroll Shop.
 45210 | D:15     | Found a staircase to the Depths.
 45273 | Depths:1 | Entered Level 1 of the Depths
 45337 | Depths:1 | Found a shattered altar of Ashenzari.
 45584 | Depths:1 | Found a one-way gate leading to the halls of Pandemonium.
 46305 | Depths:1 | Noticed the Enchantress
 46468 | D:15     | Mangled by the Enchantress

Action                   |  1- 3 |  4- 6 |  7- 9 | 10-12 | 13-15 | 16-18 || total
-------------------------+-------+-------+-------+-------+-------+-------++-------
Melee: Dagger            |       |     3 |     5 |       |       |       ||     8
       Flail             |       |       |    44 |    21 |       |       ||    65
       Lajatang          |       |       |       |    97 |   411 |    46 ||   554
       Staff             |       |       |       |       |     5 |     2 ||     7
Throw: Stone             |       |       |     1 |       |     1 |       ||     2
 Cast: Sandblast         |    73 |    61 |   209 |   112 |     5 |       ||   460
       Stoneskin         |     1 |     3 |     5 |     3 |    30 |     6 ||    48
       Stone Arrow       |       |    35 |   126 |   361 |   710 |       ||  1232
       Lee's Rapid Decon |       |       |     4 |    23 |    55 |     4 ||    86
       Petrify           |       |       |     3 |    28 |    15 |       ||    46
       Iskenderun's Myst |       |       |       |    73 |   158 |     9 ||   240
       Leda's Liquefacti |       |       |       |     5 |    18 |     4 ||    27
       Force Lance       |       |       |       |    24 |    40 |     6 ||    70
       Lightning Bolt    |       |       |       |       |     2 |       ||     2
       Bolt of Magma     |       |       |       |       |   112 |    39 ||   151
       Orb of Destructio |       |       |       |       |    14 |    22 ||    36
       Iron Shot         |       |       |       |       |     2 |    30 ||    32
 Abil: Stop Flying       |       |       |       |       |       |     1 ||     1
       Evoke Flight      |       |       |       |       |       |     1 ||     1
Evoke: Wand              |       |       |     8 |     1 |       |       ||     9
       Staff of energy   |       |       |       |       |       |    18 ||    18
  Use: Scroll            |       |     8 |     7 |    12 |    17 |     3 ||    47
       Potion            |       |       |     2 |     3 |     4 |     1 ||    10
 Stab: Sleeping          |       |     1 |       |       |     1 |       ||     2
       Petrifying        |       |       |       |     1 |       |       ||     1
       Petrified         |       |       |       |       |     2 |       ||     2
  Eat: Chunk             |     1 |    11 |    20 |    40 |    68 |    10 ||   150
       Beef jerky        |       |       |     1 |     1 |       |       ||     2
       Pizza             |       |       |       |     1 |     2 |       ||     3
       Fruit             |       |       |       |       |     1 |       ||     1
